 Dungeon Crawl Stone Soup version 0.29.1 (webtiles) character file.

Game seed: 14692511920895014156

39380 Powertoast the Brawler (level 13, -2/135 HPs)
             Began as a Troll Gladiator on Sept 12, 2022.
             Was a High Priest of Trog.
             Slain by an eight-headed hydra (10 damage)
             ... on level 5 of the Lair of Beasts on Sept 13, 2022.
             The game lasted 01:05:29 (15803 turns).

Powertoast the Brawler (Troll Gladiator)           Turns: 15803, Time: 01:05:29

Health: -2/135     AC: 12    Str: 25    XL:     13   Next: 68%
Magic:  12/12      EV: 11    Int:  4    God:    Trog [*****.]
Gold:   1175       SH: 11    Dex: 21    Spells: 12/12 levels left

rFire   . . .      SeeInvis .     - Unarmed
rCold   . . .      Faith    .   B - +1 kite shield
rNeg    . . .      Spirit   .   W - +0 troll leather armour
rPois   .          Reflect  .   b - +0 hat
rElec   .          Harm     .   U - +1 cloak
rCorr   .          Rampage  .   (gloves unavailable)
Will    .....                   (boots unavailable)
Stlth   ++........              M - amulet of the acrobat
HPRegen 1.92/turn               f - +4 ring of protection
MPRegen 0.13/turn               L - +6 ring of dexterity

@: no status effects
A: large, unfitting armour, claws 3, regeneration 1, shaggy fur 1, tough skin 1
a: Renounce Religion, Berserk, Trog's Hand, Brothers in Arms


You were on level 5 of the Lair of Beasts.
You worshipped Trog.
Trog was extremely pleased with you.
You visited 3 branches of the dungeon, and saw 18 of its levels.

You collected 1175 gold pieces.

Inventory:

Missiles
 c - 4 throwing nets
 d - 6 large rocks (quivered)
 m - 40 poisoned darts
 H - 16 boomerangs
 I - 3 curare-tipped darts
 J - 2 javelins
Armour
 b - a +0 hat (worn)
 g - the +0 robe of Feasting {rC+ Regen+}
   (You found it on level 2 of the Lair of Beasts)

   rC:        It protects you from cold.
   Regen:     It increases your rate of health regeneration.
 v - an orb of light
 B - a +1 kite shield (worn)
 O - a +0 robe of positive energy
 R - the +1 robe of Ojoono {rElec Str+3 Int-2}
   (You found it on level 9 of the Dungeon)

   Str:       It affects your strength (+3).
   Int:       It affects your intelligence (-2).
   rElec:     It insulates you from electricity.
 U - a +1 cloak (worn)
 W - a +0 troll leather armour (worn)
 Y - a +0 robe of willpower
Jewellery
 f - a +4 ring of protection (left claw)
 h - an amulet of magic regeneration
 w - a ring of flight
 D - a +6 ring of dexterity
 L - a +6 ring of dexterity (right claw)
 M - an amulet of the acrobat (around neck)
Wands
 o - a wand of flame (37)
 N - a wand of charming (5)
 Q - a wand of iceblast (6)
 V - a wand of light (5)
 Z - a wand of polymorph (12)
Scrolls
 a - 2 scrolls of enchant weapon
 l - 4 scrolls of teleportation
 p - 4 scrolls of immolation
 t - 2 scrolls of brand weapon
 y - 3 scrolls of vulnerability
 z - 2 scrolls of poison
 C - a scroll of blinking
 G - 3 scrolls of magic mapping
 S - a scroll of torment
 T - a scroll of silence
Potions
 e - 3 potions of cancellation {unknown}
 i - 2 potions of flight {unknown}
 k - 3 potions of curing
 n - 5 potions of mutation
 q - 4 potions of degeneration {unknown}
 r - 2 potions of berserk rage {unknown}
 s - 5 potions of lignification
 u - a potion of resistance {unknown}
 x - 3 potions of attraction {unknown}
 A - 2 potions of brilliance {unknown}
 E - 9 potions of ambrosia
 K - 2 potions of might
 P - a potion of magic {unknown}
 X - a potion of invisibility {unknown}


   Skills:
 * Level 10.3 Fighting
 - Level 10.0 Throwing
 + Level 5.4 Dodging
 + Level 5.0 Shields
 - Level 15.0 Unarmed Combat
 + Level 4.9 Evocations


You had 12 spell levels left.
You didn't know any spells.
Your spell library contained the following spells:

 Spells                   Type           Power      Damage    Failure   Level
 Conjure Flame            Conj/Fire      0%         6-21      99%         3
 Ignite Poison            Fire/Tmut/Pois 0%         N/A       99%         3
 Portal Projectile        Hex/Tloc       0%         N/A       99%         3
 Tukima's Dance           Hex            0%         N/A       99%         3
 Sticky Flame             Conj/Fire      0%         2d3       100%        4
 Blade Hands              Tmut           0%         N/A       100%        5


Dungeon Overview and Level Annotations

Branches:
Dungeon (12/15)            Temple (1/1) D:4            Lair (5/5) D:9
  Swamp (0/4) Lair:2        Snake (0/4) Lair:3        Slime (0/5) Lair:4
    Orc (0/2) D:10

Altars:
Ashenzari
Cheibriados
Dithmenos
Elyvilon
Fedhas
Gozag
Hepliaklqana
Kikubaaqudgha
Makhleb
Nemelex Xobeh
Okawaru
Qazlal
Ru
Sif Muna
Trog
Uskayaw
Vehumet
Wu Jian
Xom
Yredelemnul
Zin
The Shining One

Portals:
Trove: D:10 (show slimy rune of Zot)

Annotations:
D:12 7 exclusions, Sonja
Lair:1 1 runed translucent door, pesado's ghost, journeyman GrEE


Innate Abilities, Weirdness & Mutations

You are too large for most types of armour.
You have claws for hands.
Your natural rate of healing is unusually fast.
You are covered in fur. (AC +1)
You have tough skin. (AC +1)


Message History

Throw: 7 large rocks
Press: ? - help, Q - select action, (/) - cycle Shift-Dir - straight line, f/p - six-headed hydra
Aim: a six-headed hydra (severely wounded, 84% to hit)
You throw a large rock.
The large rock hits the six-headed hydra!!
The six-headed hydra is almost dead.
A nearby plant withers and dies.
The wolf stops to sniff the ground.
The six-headed hydra bites you. The six-headed hydra barely misses you.
The six-headed hydra bites you but does no damage.
You block the six-headed hydra's attack. x3
Press: ? - help, v - describe, . - travel, g - get item
Here: a wolf Item here: a large rock.
The floor.
You claw one of the six-headed hydra's heads off!
The five-headed hydra grows two more!
You claw the seven-headed hydra!
The seven-headed hydra is almost dead.
The seven-headed hydra bites you!
* * * LOW HITPOINT WARNING * * *
The seven-headed hydra bites you but does no damage.
You block the seven-headed hydra's attack.
The seven-headed hydra bites you!
* * * LOW HITPOINT WARNING * * *
You block the seven-headed hydra's attack.
The seven-headed hydra barely misses you.
The seven-headed hydra bites you!
* * * LOW HITPOINT WARNING * * *
You tear one of the seven-headed hydra's heads off!
The six-headed hydra grows two more!
You claw the eight-headed hydra!
The eight-headed hydra is almost dead.
The eight-headed hydra bites you!
* * * LOW HITPOINT WARNING * * *
The eight-headed hydra barely misses you.
You block the eight-headed hydra's attack.
The eight-headed hydra bites you but does no damage.
The eight-headed hydra barely misses you.
The eight-headed hydra bites you but does no damage.
The eight-headed hydra bites you!
You die...

.. .# ♣♣. .####
♣♣... ..#.#
♣...####....#
#.P..P......#
#.#..P...)..#
#...P.....##
#..........#
##.@##.....##
#D###......#
#.hh# ##.....#
#.Phh# #....###
....(.#
##....P##
..♣##..#.
##....P# . ♣#(
# ###..## ..
##.<.# ♣.
..####....###..


You could see an eight-headed hydra and 4 wolves.

Vanquished Creatures
  3 hydras
  5 two-headed ogres
  A centaur warrior (D:8)
  Amaemon (D:9)
  A lindwurm (Lair:3)
  3 cyclopes (D:12)
  2 manticores
  16 elephants
  An orange demon (D:8)
  3 cane toads
  6 black mambas
  A torpor snail (Lair:4)
  A gargoyle (D:12)
  An unseen horror (D:10)
  3 rime drakes
  5 komodo dragons
  A polar bear (Lair:1)
  6 trolls
  A queen bee (Lair:1)
  Grinder (D:4)
  3 blink frogs (Lair:3)
  3 slime creatures (D:12)
  Sigmund (D:3)
  2 shadows
  A vampire (D:12)
  4 wyverns
  35 yaks
  2 steam dragons
  6 basilisks
  3 swamp worms (Lair:2)
  Menkaure (D:5)
  Edmund (D:6)
  11 water moccasins
  Duvessa (D:4)
  3 ice beasts
  5 orc warriors
  2 sky beasts
  3 black bears
  An ogre (D:5)
  26 wolves
  3 centaurs
  Blork the orc (D:4)
  5 kobold brigands
  2 necrophages
  15 bullfrogs
  Dowan (D:4)
  3 wights
  25 killer bees (Lair:1)
  5 howler monkeys
  An electric eel (Lair:4)
  2 jellies
  A hound (D:6)
  9 orc priests
  2 iguanas
  9 orc wizards
  7 adders
  7 gnolls (D:6)
  A shadow imp (D:7)
  An ufetubus (D:4)
  6 worms
  56 orcs
  6 bats
  12 endoplasms
  3 giant cockroaches
  8 goblins
  14 hobgoblins
  10 quokkas
  8 ball pythons
  3 frilled lizards
  30 kobolds
  5 rats
437 creatures vanquished.

Vanquished Creatures (others)
  5 dream sheep (D:3)
  15 fungi
  39 plants
59 creatures vanquished.

Grand Total: 496 creatures vanquished

Notes
Turn   | Place    | Note
-------+----------+-------------------------------------------
     0 | D:1      | Powertoast the Troll Gladiator began the quest for the Orb.
     0 | D:1      | Reached XP level 1. HP: 19/19 MP: 0/0
   128 | D:1      | Reached XP level 2. HP: 28/28 MP: 1/1
   394 | D:1      | Reached XP level 3. HP: 33/36 MP: 2/2
   807 | D:2      | Reached XP level 4. HP: 27/45 MP: 3/3
   826 | D:2      | Reached skill level 4 in Unarmed Combat
  1446 | D:3      | Noticed a dream sheep
  1446 | D:3      | Noticed a dream sheep
  1446 | D:3      | Noticed a dream sheep
  1446 | D:3      | Noticed a dream sheep
  1446 | D:3      | Noticed a dream sheep
  1446 | D:3      | Found a shimmering altar of Xom.
  1450 | D:3      | Killed a dream sheep
  1450 | D:3      | Killed a dream sheep
  1450 | D:3      | Killed a dream sheep
  1450 | D:3      | Killed a dream sheep
  1452 | D:3      | Killed a dream sheep
  1513 | D:3      | Reached XP level 5. HP: 50/53 MP: 4/4
  1536 | D:3      | Noticed Sigmund
  1549 | D:3      | Killed Sigmund
  1550 | D:3      | Reached skill level 6 in Unarmed Combat
  1550 | D:3      | Reached XP level 6. HP: 41/61 MP: 5/5
  2051 | D:4      | Noticed Grinder
  2057 | D:4      | Paralysed by Grinder for 5 turns
  2277 | D:4      | Paralysed by Grinder for 4 turns
  2284 | D:4      | Killed Grinder
  2285 | D:4      | Reached skill level 7 in Unarmed Combat
  2285 | D:4      | Reached XP level 7. HP: 47/67 MP: 6/6
  2325 | D:4      | Found a shadowy altar of Dithmenos.
  2468 | D:4      | Noticed Dowan
  2468 | D:4      | Noticed Duvessa
  2662 | D:4      | Noticed Blork the orc
  2674 | D:4      | Killed Blork the orc
  2675 | D:4      | Reached skill level 8 in Unarmed Combat
  2741 | D:4      | Killed Dowan
  2797 | D:4      | Killed Duvessa
  2866 | D:4      | Found a staircase to the Ecumenical Temple.
  2875 | Temple   | Entered the Ecumenical Temple
  2921 | Temple   | Became a worshipper of Trog the Wrathful
  3050 | D:5      | Entered Level 5 of the Dungeon
  3070 | D:5      | Noticed Menkaure
  3095 | D:5      | Killed Menkaure
  3096 | D:5      | Reached XP level 8. HP: 69/78 MP: 7/7
  3235 | D:5      | Reached skill level 9 in Unarmed Combat
  3373 | D:5      | Found a hide-covered altar of Uskayaw.
  3816 | D:6      | Reached * piety under Trog
  3875 | D:6      | Reached XP level 9. HP: 19/85 MP: 8/8
  3992 | D:6      | Identified the +0 ring mail of Pragmatism {rF+ rC+ Int+2}
  4003 | D:6      | Noticed Edmund
  4010 | D:6      | Killed Edmund
  4011 | D:6      | Reached skill level 5 in Fighting
  4011 | D:6      | Reached skill level 10 in Unarmed Combat
  4528 | D:7      | Reached skill level 5 in Throwing
  4815 | D:7      | Found a radiant altar of Vehumet.
  4850 | D:7      | Found a white marble altar of Elyvilon.
  5120 | D:8      | Found an iron altar of Okawaru.
  5137 | D:8      | Found a sacrificial altar of Ru.
  5268 | D:8      | Noticed a two-headed ogre
  5279 | D:8      | Killed a two-headed ogre
  5899 | D:8      | Noticed a centaur warrior
  5913 | D:8      | Killed a centaur warrior
  5914 | D:8      | Reached XP level 10. HP: 40/104 MP: 9/9
  6201 | D:9      | Noticed a two-headed ogre
  6205 | D:9      | Noticed an orange demon
  6206 | D:9      | Killed a two-headed ogre
  6210 | D:9      | Noticed Amaemon
  6261 | D:8      | Killed an orange demon
  6280 | D:9      | Killed Amaemon
  6416 | D:9      | Reached ** piety under Trog
  6607 | D:9      | Found a staircase to the Lair.
  6607 | D:9      | Noticed an elephant
  6742 | D:9      | Killed an elephant
  6815 | D:9      | Identified the +1 robe of Ojoono {rElec Str+3 Int-2}
  6858 | D:9      | Found a basalt altar of Yredelemnul.
  7437 | D:10     | Entered Level 10 of the Dungeon
  7498 | D:10     | Reached XP level 11. HP: 102/115 MP: 10/10
  7613 | D:10     | Noticed a two-headed ogre
  7731 | D:10     | Reached skill level 11 in Unarmed Combat
  7841 | D:10     | Reached *** piety under Trog
  7981 | D:10     | Found a staircase to the Orcish Mines.
  7985 | D:10     | Found an ornate altar of the Wu Jian Council.
  8318 | D:10     | Reached skill level 10 in Fighting
  8456 | D:10     | Found a portal to a secret trove of treasure.
  8846 | D:10     | Killed a two-headed ogre
  9368 | D:11     | Noticed a two-headed ogre
  9382 | D:11     | Killed a two-headed ogre
  9383 | D:11     | Reached skill level 12 in Unarmed Combat
 10029 | D:12     | Noticed Sonja
 10201 | D:12     | Reached XP level 12. HP: 96/126 MP: 11/11
 10262 | D:12     | Noticed a two-headed ogre
 10273 | D:12     | Killed a two-headed ogre
 10274 | D:12     | Reached skill level 1 in Shields
 10308 | D:12     | Reached skill level 10 in Throwing
 10548 | Lair:1   | Entered Level 1 of the Lair of Beasts
 10582 | Lair:1   | Found a runed translucent door.
 10584 | Lair:1   | Noticed pesado's ghost (journeyman GrEE)
 10587 | Lair:1   | Identified the +4 trident "Demonbane" {freeze, rF+}
 10629 | Lair:1   | Reached skill level 1 in Evocations
 10689 | Lair:1   | Reached skill level 13 in Unarmed Combat
 10839 | Lair:1   | Reached **** piety under Trog
 11498 | Lair:2   | Identified the +0 robe of Feasting {rC+ Regen+}
 11936 | Lair:2   | Noticed a seven-headed hydra
 11971 | Lair:2   | Killed a seven-headed hydra
 12782 | Lair:2   | Found a staircase to the Swamp.
 12782 | Lair:2   | Noticed a seven-headed hydra
 12786 | Lair:2   | Killed a seven-headed hydra
 12787 | Lair:2   | Reached skill level 14 in Unarmed Combat
 13215 | Lair:3   | Found a staircase to the Snake Pit.
 13279 | Lair:3   | Reached XP level 13. HP: 111/133 MP: 12/12
 14334 | Lair:4   | Identified the +5 scimitar "Siza Fuamm" {drain, rC+ Int+2}
 15011 | Lair:4   | Reached skill level 5 in Dodging
 15011 | Lair:4   | Reached skill level 15 in Unarmed Combat
 15114 | Lair:3   | Reached ***** piety under Trog
 15429 | Lair:4   | Found a staircase to the Slime Pits.
 15723 | Lair:5   | Entered Level 5 of the Lair of Beasts
 15760 | Lair:5   | Reached skill level 5 in Shields
 15803 | Lair:5   | Slain by an eight-headed hydra

Illustrated notes

Levels and vault maps discovered:
D:1:      moated_graveyard_arrival, layout_basic
D:2:      layout_rooms, nrook_campfire
D:3:      minmay_chambers_of_twos, layout_rooms, kb_xom_exploding_sheep,
          uniq_sigmund
D:4:      layout_cave_pools, grunt_dithmenos_smoke_and_mirrors,
          minmay_temple_entry_antechambers, uniq_grinder, uniq_blork_the_orc,
          uniq_duvessa
D:5:      layout_rooms, mainiacjoe_overflow_surrounded_room, uniq_menkaure
D:6:      layout_loops_ring, due_unseen_surprise, uniq_edmund
D:7:      layout_basic, nicolae_elyvilon_peaceful_grove,
          lemuel_coloured_pillars_altar
D:8:      layout_loops_corners, amcnicky_altar_gilded, okawaru_metal_pillars_1_2
D:9:      layout_loops_ring, lemuel_tele_altar, david_lair_generic,
          minmay_misc_feat_rugged, uniq_amaemon
D:10:     layout_stronghold, nzn_wu_jian_contemplation, orc_0_dummy,
          nicolae_trove_entry_crystal, nicolae_fountain_basement
D:11:     layout_loops_ring
D:12:     layout_grid_maze, nicolae_fountain_basement, uniq_sonja
Temple:   nicolae_temple_god_jail
Lair:1:   layout_roguey [special_room_bee], ebering_ghost_funeral_grove,
          grunt_megastairs_4, infiniplex_staircase_pool_2
Lair:2:   layout_layer_cave, palyth_hydra_swamp_entry,
          chequers_serial_rivers_micro_b, chequers_serial_rivers_micro_b,
          minmay_stone_trees_small
Lair:3:   layout_long_grid, minmay_snake_entry_six_corridors,
          grunt_megastairs_3, serial_bayou_shore_b, serial_bayou_shore_b
Lair:4:   layout_long_grid, dpeg_slime_entry_corner,
          grunt_forest_large_clearings, serial_bayou_shore_b
Lair:5:   minmay_lair_end_enchanted_forest, layout_misc_corridors, uniq_nessos

Skill      XL: |  1  2  3  4  5  6  7  8  9 10 11 12 13 |
---------------+----------------------------------------+-----
Throwing       | 2 3 4 6 7 9 10 | 10.0
Fighting       | 2 3 4 7 9 10 | 10.3
Unarmed Combat | 4 6 7 8 9 10 12 14 15 | 15.0
Shields        | 3 5 |  5.0
Evocations     | 3 4 |  4.9
Dodging        | 4 5 |  5.4

Action                   |  1- 3 |  4- 6 |  7- 9 | 10-12 | 13-15 || total
-------------------------+-------+-------+-------+-------+-------++-------
Melee: Unarmed           |    72 |   125 |   219 |   587 |   289 ||  1292
       Punch             |     4 |     2 |    11 |    30 |       ||    47
Throw: Dart              |    10 |     7 |    20 |    35 |    49 ||   121
       Boomerang         |       |       |    40 |       |       ||    40
       Large rock        |       |       |       |     7 |    16 ||    23
Invok: Trog's Hand       |       |       |       |    13 |     1 ||    14
       Berserk           |       |       |       |     6 |       ||     6
  Use: Scroll            |       |     4 |     2 |    20 |     1 ||    27
       Potion            |       |       |     3 |    11 |       ||    14
 Stab: Sleeping          |     2 |       |     4 |     1 |       ||     7
Armor: Robe              |    26 |    28 |    47 |    47 |       ||   148
       Skin              |       |       |     5 |       |       ||     5
       Troll leather arm |       |       |       |    58 |   131 ||   189
Dodge: Dodged            |    23 |    56 |   110 |   406 |   209 ||   804
Block: Kite shield       |       |       |       |    67 |   260 ||   327
